 Dungeon Crawl Stone Soup version 0.32-a0-43-g058985b245 (webtiles) character file.

Game seed: 5948019553672298538

887 VendilionClique the Magician (level 7, 0/46 HPs)
             Began as a Mummy Alchemist on Feb 4, 2024.
             Slain by a centaur (1 damage)
             ... on level 5 of the Dungeon.
             The game lasted 00:09:02 (5310 turns).

VendilionClique the Magician (Mummy Alchemist)      Turns: 5310, Time: 00:09:03

Health: 0/46       AC:  4    Str: 11    XL:     7   Next: 77%
Magic:  7/16       EV: 17    Int: 16    God:
Gold:   294        SH:  0    Dex: 13    Spells: 12/19 levels left

rFire   x . .        j - +0 short sword (speed)
rCold   + . .        (no shield)
rNeg    + + +        a - +0 robe
rPois   ∞            (no helmet)
rElec   .            f - +0 cloak
rCorr   .            (no gloves)
SInv    .            i - +0 pair of boots
Will    .....        (no amulet)
Stlth   ++           p - +5 ring of evasion
HPRegen 0.27/turn    (no ring)
MPRegen 0.15/turn

%: faith
@: no status effects
A: cold resistance 1, negative energy resistance 3, torment resistance 2, heat
vulnerability 1, in touch with death 1, no potions, faith
a: no special abilities


You were on level 5 of the Dungeon.
You visited 2 branches of the dungeon, and saw 6 of its levels.

You collected 294 gold pieces.

Inventory:

Hand Weapons
 j - a +0 short sword of speed (weapon)
Armour
 a - a +0 robe (worn)
 f - a +0 cloak (worn)
 i - a +0 pair of boots (worn)
Jewellery
 m - a +6 ring of strength
 o - a ring of protection from cold
 p - a +5 ring of evasion (left hand)
Wands
 n - a wand of mindburst (3)
Scrolls
 b - 3 scrolls of teleportation {unknown}
 c - a scroll of amnesia {unknown}
 d - 2 scrolls of identify {unknown}
 e - a scroll of fog {unknown}
 g - a scroll of poison {unknown}
 h - 2 scrolls of blinking {unknown}
 k - 2 scrolls of immolation {unknown}
 l - a scroll of brand weapon {unknown}
 q - a scroll of fear {unknown}


   Skills:
 - Level 1.9 Dodging
 - Level 1.9 Stealth
 + Level 6.6 Spellcasting
 - Level 4.0 Conjurations
 + Level 4.8 Alchemy


You had 12 spell levels left.
You knew the following spells:

 Your Spells              Type           Power      Damage    Failure   Level
a - Mercury Vapours       Alch/Air       26%        N/A       7%          2
o - Olgreb's Toxic Radia  Alch           20%        N/A       17%         4
s - Sting                 Conj/Alch      76%        1d7       1%          1

Your spell library contained the following spells:

 Spells                   Type           Power      Damage    Failure   Level
 Mephitic Cloud           Conj/Alch/Air  14%        N/A       12%         3
 Dazzling Flash           Conj/Hex       22%        N/A       17%         3
 Call Canine Familiar     Summ           5%         N/A       36%         3
 Sigil of Binding         Hex            5%         N/A       36%         3
 Volatile Blastmotes      Fire/Tloc      10%        2d10      36%         3
 Sticky Flame             Fire/Alch      13%        2d5       43%         4
 Dimensional Bullseye     Hex/Tloc       2%         N/A       78%         4
 Starburst                Conj/Fire      5%         6d4       100%        6
 Maxwell's Capacitive Co  Air            2%         ∞         100%        8


Dungeon Overview and Level Annotations

Branches:
Dungeon (5/15)             Temple (1/1) D:4

Altars:
Cheibriados
Dithmenos
Gozag
Kikubaaqudgha
Nemelex Xobeh
Okawaru
Qazlal
Trog
Wu Jian
Xom

Shops:
D:5 [


Innate Abilities, Weirdness & Mutations

You are immune to poison.
Your flesh is cold resistant. (rC+)
You are immune to negative energy. (rN+++)
You are immune to unholy pain and torment.
You are vulnerable to heat. (rF-)
You are in touch with the powers of death.
You do not drink.
You have a special connection with the divine. (Faith)


Message History

You kill the orc wizard!
The sting hits the orc priest!
The orc priest looks as sick as possible!
You kill the orc priest!
The centaur shoots an arrow.
The arrow hits you.
The centaur shoots an arrow.
The arrow hits you!
You are too injured to fight recklessly!
You are too injured to fight recklessly!
You are too injured to fight recklessly!
The centaur shoots an arrow.
The arrow hits you!
* * * LOW HITPOINT WARNING * * *
The centaur shoots an arrow.
The arrow barely misses you.
A bombardier beetle comes into view.
The centaur shoots an arrow.
The arrow hits you.
* * * LOW HITPOINT WARNING * * *
Unknown command.
Aiming: Mindburst
Press: ? - help, Q - select action, (/) - cycle Shift-Dir - straight line, f - centaur
Aim: a centaur, wielding a +0 shortbow (severely wounded, very poisoned, chance to affect: 64%)
The centaur struggles to resist.
Aiming: Mindburst
Press: ? - help, Q - select action, (/) - cycle Shift-Dir - straight line, f/p - centaur
Aim: a centaur, wielding a +0 shortbow (severely wounded, very poisoned, chance to affect: 64%)
The centaur struggles to resist.
Aiming: Mindburst
Press: ? - help, Q - select action, (/) - cycle Shift-Dir - straight line, f/p - centaur
Aim: a centaur, wielding a +0 shortbow (severely wounded, very poisoned, chance to affect: 64%)
The centaur struggles to resist.
The centaur unwields a +0 shortbow.
The centaur hits you.
* * * LOW HITPOINT WARNING * * *
The centaur kicks you but does no damage.
Aiming: Mindburst
Press: ? - help, Q - select action, (/) - cycle Shift-Dir - straight line, f/p - centaur
Aim: a centaur (almost dead, very poisoned, chance to affect: 64%)
The centaur struggles to resist.
The centaur hits you.
* * * LOW HITPOINT WARNING * * *
The centaur completely misses you. The centaur barely misses you.
The centaur kicks you.
You die...

.......#....#.#
.......+....+... .
########.)..# # .# #
###### #######.#
#############+#.......#.
............(...........
.....†.................#
................†.....##
......#######+#.@)......
......# #.'.c.......
......# ###..)......
......# #...).....
≈.....# #......B..
≈#####. #......).. ≈#
#......#.. ## .......#..
# ....####


You could see a centaur (very poisoned) and a bombardier beetle.

Vanquished Creatures
  Sigmund (D:3)
  A phantom (D:5)
  A bullfrog (D:5)
  2 scorpions
  A hound (D:4)
  2 orc priests (D:5)
  An iguana (D:3)
  Ijyb (D:4)
  An orc wizard (D:5)
  8 gnolls
  12 adders
  A white imp (D:5)
  4 dart slugs
  4 ribbon worms
  11 orcs
  6 endoplasms
  2 giant cockroaches (D:3)
  9 goblins
  10 hobgoblins
  3 jackals (D:3)
  9 kobolds
  4 quokkas
  11 ball pythons
  7 bats
  3 frilled lizards
  9 rats
124 creatures vanquished.

Notes
Turn   | Place    | Note
-------+----------+-------------------------------------------
     0 | D:1      | VendilionClique the Mummy Alchemist began the quest for the
                  | Orb.
     0 | D:1      | Reached XP level 1. HP: 13/13 MP: 4/4
   105 | D:1      | Reached skill level 1 in Conjurations
   155 | D:1      | Reached XP level 2. HP: 16/19 MP: 0/5
   259 | D:1      | You fall into a shaft and drop 1 floor!
   442 | D:2      | Reached skill level 3 in Spellcasting
   763 | D:1      | Reached XP level 3. HP: 24/24 MP: 4/7
  1608 | D:2      | Found an ancient bone altar of Kikubaaqudgha.
  1683 | D:2      | Reached XP level 4. HP: 30/30 MP: 5/9
  2094 | D:3      | Found a snail-covered altar of Cheibriados.
  2391 | D:3      | Noticed Sigmund
  2578 | D:3      | Learned a level 2 spell: Mercury Vapours
  2745 | D:3      | Found a stormy altar of Qazlal.
  2908 | D:3      | Killed Sigmund
  2909 | D:3      | Reached skill level 4 in Spellcasting
  2909 | D:3      | Reached XP level 5. HP: 22/35 MP: 1/12
  2909 | D:3      | Reached XP level 6. HP: 26/41 MP: 1/13
  3388 | D:3      | Learned a level 4 spell: Olgreb's Toxic Radiance
  3471 | D:4      | Noticed Ijyb
  3477 | D:4      | Reached skill level 5 in Spellcasting
  3485 | D:4      | Killed Ijyb
  4425 | D:4      | Found an iron altar of Okawaru.
  4449 | D:4      | Found a staircase to the Ecumenical Temple.
  4451 | D:4      | Reached XP level 7. HP: 46/46 MP: 13/15
  4544 | Temple   | Entered the Ecumenical Temple
  4583 | D:5      | Entered Level 5 of the Dungeon
  5026 | D:5      | Found Lumaaph's Antique Armour Shoppe.
  5034 | D:5      | Reached skill level 6 in Spellcasting
  5309 | D:5      | HP: 1/46 [centaur (5)]
  5310 | D:5      | Slain by a centaur

Illustrated notes

Levels and vault maps discovered:
D:1:      dpeg_arrival_pits, layout_basic
D:2:      kb_forest_paths, layout_basic, basic_altar
D:3:      layout_loops_cross, lemuel_doored_altar, kennysheep_slug_shrine,
          uniq_sigmund
D:4:      layout_rooms, okawaru_altar_gauntlet_db,
          minmay_temple_entry_enclosed_plants, nicolae_wormholes, uniq_ijyb
D:5:      layout_basic, serial_shops, nicolae_shop_waterfront
Temple:   hellmonk_temple_micro_hex

Skill      XL: |  1  2  3  4  5  6  7 |
---------------+----------------------+-----
Conjurations   | 1 2 3 4 |  4.0
Spellcasting   | 3 4 5 6 |  6.6
Alchemy        | 3 4 |  4.8
Dodging        | |  1.9
Stealth        | |  1.9

Action                     |  1- 3 |  4- 6 |  7- 9 || total
---------------------------+-------+-------+-------++-------
  Melee: Unarmed           |    45 |     4 |       ||    49
         Short sword       |       |     3 |     4 ||     7
   Cast: Sting             |    84 |   158 |    76 ||   318
         Mercury Vapours   |       |     7 |       ||     7
         Olgreb's Toxic Ra |       |     1 |     2 ||     3
  Evoke: Wand              |       |       |    11 ||    11
 Armour: Robe              |    31 |    52 |    40 ||   123
  Dodge: Dodged            |    65 |    53 |    32 ||   150

Table legend: (Time is in decaauts)
 A = Elapsed time spent in this place.
 B = Non-inter-level travel time spent in this place.
 C = Inter-level travel time spent in this place.
 D = Time resting spent in this place.
 E = Time spent auto-exploring this place.
 F = Levels seen in this place.
 G = Mean time per level.
                   A        B        C        D        E       F      G
               +--------+--------+--------+--------+--------+-----+--------+
         Total |   5314 |   4985 |    329 |    239 |   3954 |   6 |  885.7 |
       Dungeon |   5313 |   4985 |    328 |    239 |   3954 |   5 | 1062.6 |
        Temple |      1 |      1 |      0 |      0 |      0 |   1 |    1.0 |
               +--------+--------+--------+--------+--------+-----+--------+

Top non-repeatable levels by time:
     D:2: 1459 daAuts
     D:3: 1330 daAuts
     D:4: 1081 daAuts
     D:5: 726 daAuts
     D:1: 716 daAuts
  Temple: 1 daAuts
